 Dungeon Crawl Stone Soup version 0.29-a0-222-g5b244fca1f (webtiles) character file.

Game seed: 1701453826706470869

8404 Azmakalis the Destroyer (level 11, 0/61 HPs)
             Began as an Octopode Venom Mage on Feb 27, 2022.
             Was an Elder of Vehumet.
             Slain by a centaur warrior simulacrum (9 damage)
             ... on level 10 of the Dungeon.
             The game lasted 00:49:05 (13626 turns).

Azmakalis the Destroyer (Octopode Venom Mage)      Turns: 13626, Time: 00:49:05

Health: 0/61       AC:  1    Str: 10    XL:     11   Next: 30%
Magic:  20/20      EV: 13    Int: 21    God:    Vehumet [****..]
Gold:   483        SH:  0    Dex: 13    Spells: 5/22 levels left

rFire   . . .      SeeInvis .   F - +1 spear "Ynawasot" {vorpal, rCorr Str+2}
rCold   + . .      Faith    +   (no shield)
rNeg    + . .      Spirit   .   (helmet restricted)
rPois   .          Reflect  .   d - amulet of faith {Faith, !P}
rElec   .          Harm     .   q - ring of flight
rCorr   +          Rampage  .   I - ring of protection from cold
Will    .....                   N - ring of positive energy {rN+}
Stlth   +++.......              (no ring)
HPRegen 0.20/turn               (no ring)
MPRegen 0.17/turn               (no ring)
                                (no ring)
                                (no ring)

@: about to teleport, flying
A: almost no armour, amphibious, 8 rings, camouflage 1, gelatinous body 1,
(nimble swimmer 1), tentacles
a: Renounce Religion


You were on level 10 of the Dungeon.
You worshipped Vehumet.
Vehumet was greatly pleased with you.
You visited 2 branches of the dungeon, and saw 11 of its levels.

You collected 483 gold pieces.

Inventory:

Hand Weapons
 w - a +0 dagger of protection
 x - a +2 short sword of venom
 F - the +1 spear "Ynawasot" (weapon) {vorpal, rCorr Str+2}
   (You found it on level 6 of the Dungeon)

   It inflicts extra damage upon your enemies.
   Str:       It affects your strength (+2).
   rCorr:     It protects you from acid and corrosion.
 G - a +2 dire flail of draining
Missiles
 E - 2 throwing nets {=f}
 Q - 280 stones (quivered)
Armour
 y - a +2 buckler
Magical Staves
 k - a staff of poison {rPois}
 n - a staff of conjuration {!a}
Jewellery
 d - an amulet of faith (around mantle) {Faith, !P}
 q - a ring of flight (left tentacle)
 D - an amulet of magic regeneration
 I - a ring of protection from cold (right tentacle)
 N - a ring of positive energy (on tentacle) {rN+}
 R - an amulet of regeneration
 S - a ring of see invisible
Wands
 v - a wand of acid (6)
 z - a wand of paralysis (4)
 A - a wand of iceblast (4)
 M - a wand of charming (2)
Scrolls
 a - a scroll of enchant weapon {unknown}
 b - 2 scrolls of immolation {!r}
 e - 4 scrolls of fear
 f - 2 scrolls of fog
 g - 2 scrolls of torment {!r}
 j - 2 scrolls of enchant armour
 l - a scroll of acquirement {unknown}
 o - a scroll of holy word {unknown}
 p - a scroll of brand weapon {unknown}
 r - a scroll of silence {unknown}
 t - 6 scrolls of teleportation
 u - a scroll of magic mapping {unknown}
 C - 5 scrolls of amnesia
Potions
 c - 7 potions of curing
 h - a potion of invisibility {unknown}
 m - a potion of haste {unknown}
 s - 2 potions of cancellation
 B - 2 potions of flight {unknown}
 H - 3 potions of degeneration {unknown}
 J - 2 potions of heal wounds {unknown}
 K - a potion of attraction {unknown}
 L - a potion of brilliance {unknown}
 O - a potion of mutation {unknown}


   Skills:
 - Level 2.0 Dodging
 - Level 2.6 Stealth
 - Level 6.0 Spellcasting
 - Level 8.3 Conjurations
 - Level 6.0 Necromancy
 - Level 1.0 Transmutations
 - Level 4.0 Ice Magic
 - Level 4.0 Air Magic
 - Level 4.3 Earth Magic
 - Level 8.1 Poison Magic
 + Level 8.2 Evocations


You had 5 spell levels left.
You knew the following spells:

 Your Spells              Type           Power      Damage    Failure   Level
a - Sting                 Tmut/Pois      100%       1d8       1%          1
b - Poisonous Vapours     Pois/Air       62%        N/A       1%          2
c - Freeze                Ice            92%        1d10      1%          1
d - Olgreb's Toxic Radia  Pois           40%        N/A       1%          4
e - Dispel Undead         Necr           31%        3d14      8%          4
w - Passwall              Tmut/Erth      14%        N/A       4%          2
x - Mephitic Cloud        Conj/Pois/Air  35%        N/A       1%          3

Your spell library contained the following spells:

 Spells                   Type           Power      Damage    Failure   Level
 Dazzling Flash           Conj/Hex       46%        N/A       1%          3
 Animate Skeleton         Necr           62%        N/A       1%          1
 Pain                     Necr           100%       1d9       1%          1
 Static Discharge         Conj/Air       32%        N/A       1%          2
 Frozen Ramparts          Ice            46%        1d6       1%          3
 Hailstorm                Conj/Ice       32%        3d8       2%          4
 Sticky Flame             Conj/Fire      23%        2d4       4%          4
 Swiftness                Air            23%        N/A       5%          3
 Ensorcelled Hibernation  Hex/Ice        28%        N/A       6%          2
 Apportation              Tloc           12%        N/A       10%         1
 Summon Small Mammal      Summ           24%        N/A       10%         1
 Agony                    Necr           31%        N/A       22%         5
 Excruciating Wounds      Necr           15%        N/A       22%         5


Dungeon Overview and Level Annotations

Branches:
Dungeon (10/15)            Temple (1/1) D:5            Lair (0/6) D:8
    Orc (0/2) D:9

Altars:
Ashenzari
Cheibriados
Dithmenos
Elyvilon
Gozag
Hepliaklqana
Nemelex Xobeh
Okawaru
Ru
Sif Muna
Trog
Uskayaw
Vehumet
Wu Jian
Yredelemnul
Zin
The Shining One


Innate Abilities, Weirdness & Mutations

You cannot wear most types of armour.
You are amphibious.
You can wear up to eight rings at the same time.
Your skin changes colour to match your surroundings (Stealth+).
Your rubbery body absorbs attacks. (AC +1, EV +1)
((You are camouflaged when in or above water. (Stealth+)))
You have tentacles for arms and can constrict up to eight enemies at once.


Message History

The puff of frost hits you. You resist.
You take 3 damage, and have 58/61 hp.
You reach to attack!
You hit the white imp. The white imp gestures at you.
The puff of frost hits you. You resist.
You take 4 damage, and have 55/61 hp.
You reach to attack!
You hit the white imp. You closely miss the white imp.
The white imp misses you. The white imp hits you. The white imp freezes you.
You resist.
You take 4 damage, and have 51/61 hp.
You closely miss the white imp. The white imp hits you.
The white imp freezes you. You resist.
You take 4 damage, and have 47/61 hp.
You completely miss the white imp. The white imp hits you.
The white imp freezes you. You resist.
You take 4 damage, and have 43/61 hp.
You hit the white imp but do no damage. You grab the white imp.
You constrict the white imp.
You kill the white imp!
The centaur warrior simulacrum hits you!
The centaur warrior simulacrum freezes you.
You resist.
* * * LOW HITPOINT WARNING * * *
The centaur warrior simulacrum kicks you.
* * * LOW HITPOINT WARNING * * *
The centaur warrior simulacrum freezes you!
You resist.
* * * LOW HITPOINT WARNING * * *
You take 28 damage, and have 15/61 hp.
MASSIVE DAMAGE!!
Okay, then.
Okay, then.
Okay, then.
As you read the scroll of teleportation, it crumbles to dust.
You feel strangely unstable.
The centaur warrior simulacrum hits you.
* * * LOW HITPOINT WARNING * * *
The centaur warrior simulacrum freezes you!
You resist.
You die...

... .. ............##
.. Y... #..........#
###.##.#.#
#..........# #
#........
#........[.###
.......
#............. ....
#.....>.......
#†######..........###
#...@Z.†....†.......#
########..........#.#
##.#######.#.. #.#
#.##. ##÷# #.... #..#
#######. #.##
#....... ##.#
#....... #.5#
.>#####.


You could see a centaur warrior simulacrum.

Levels and vault maps discovered:
D:1:      psy_arrival_radial01, layout_loops_ring,
          hellmonk_ecumenical_altar_zigzags, chequers_arboretum
D:2:      layout_basic, kennysheep_generic_room_2
D:3:      layout_basic, hangedman_glass_teeth, chequers_serial_rivers_large_a,
          uniq_terence
D:4:      layout_basic, chequers_garden, uniq_menkaure, uniq_ijyb
D:5:      layout_rooms, nicolae_sif_muna_little_library,
          minmay_temple_entry_large_hall
D:6:      layout_basic, slow_altar_2, sigmund_edmund_badplayer, uniq_edmund,
          uniq_sigmund, uniq_blork_the_orc, uniq_eustachio
D:7:      layout_loops_corners, lemuel_tele_altar, old_standard_altar
D:8:      layout_cave_pods, kennysheep_mini, lair_entry_dummy, uniq_joseph
D:9:      layout_roguey, riverfiend_overflow_shadow_ancestor,
          mainiacjoe_overflow_small_starburst, david_orc_3
D:10:     layout_rooms, fedhas_altar_1, serial_ice, serial_ice_f, serial_ice_i,
          serial_ice_c, serial_ice_n, serial_ice_m
Temple:   cyrus_circular_temple

Notes
Turn   | Place    | Note
-------+----------+-------------------------------------------
     0 | D:1      | Azmakalis the Octopode Venom Mage began the quest for the
                  | Orb.
     0 | D:1      | Reached XP level 1. HP: 11/11 MP: 3/3
   166 | D:1      | Identified a +0 plate armour
   438 | D:1      | Found a faded altar of an unknown god.
   466 | D:1      | Identified a +0 hunting sling
   533 | D:1      | Reached skill level 4 in Poison Magic
   593 | D:1      | Identified an amulet of faith
   647 | D:1      | Reached XP level 2. HP: 17/17 MP: 5/5
   650 | D:1      | Learned a level 2 spell: Poisonous Vapours
   725 | D:1      | Learned a level 1 spell: Freeze
   782 | D:1      | Identified a +0 quarterstaff
  1059 | D:1      | Identified a +1 robe of fire resistance
  1072 | D:1      | Identified a +0 club
  1181 | D:1      | Identified a +0 leather armour
  1354 | D:2      | Identified a +0 mace
  1808 | D:2      | Identified a +0 club
  1811 | D:2      | Reached skill level 5 in Poison Magic
  1811 | D:2      | Reached XP level 3. HP: 21/21 MP: 0/6
  1927 | D:2      | Identified an amulet of regeneration
  1959 | D:2      | Identified a +0 short sword
  2074 | D:2      | Identified a +0 dagger
  2075 | D:2      | Identified a +0 club
  2102 | D:2      | Identified a ring of flight
  2104 | D:2      | Identified a +0 whip
  2496 | D:2      | Identified a +0 ring mail
  2570 | D:3      | Identified a +0 club
  2578 | D:3      | Identified a +0 mace
  2766 | D:3      | Reached XP level 4. HP: 27/27 MP: 0/7
  2770 | D:3      | Learned a level 3 spell: Mephitic Cloud
  2968 | D:3      | Identified a +0 ring mail
  3043 | D:3      | Identified a +0 dagger
  3139 | D:3      | Identified a +0 short sword
  3139 | D:3      | Identified a +0 scale mail
  3139 | D:3      | Noticed Terence
  3150 | D:3      | Killed Terence
  3151 | D:3      | Reached skill level 1 in Ice Magic
  3302 | D:3      | Noticed a water moccasin
  3340 | D:3      | Identified a +0 club
  3340 | D:3      | Identified a +0 hunting sling
  3348 | D:3      | Reached skill level 6 in Poison Magic
  3791 | D:4      | Identified a +0 flail
  3798 | D:4      | Identified a +0 flail
  3799 | D:4      | Reached skill level 2 in Ice Magic
  3799 | D:4      | Reached XP level 5. HP: 31/31 MP: 3/8
  3801 | D:4      | Identified a +0 whip
  4178 | D:4      | Noticed Menkaure
  4202 | D:4      | Identified a +0 dagger
  4208 | D:4      | Identified a +0 short sword
  4245 | D:4      | Identified a +0 dagger of protection
  4245 | D:4      | Identified a +0 leather armour
  4245 | D:4      | Noticed Ijyb
  4261 | D:4      | Killed Ijyb
  4262 | D:4      | Reached skill level 3 in Ice Magic
  4405 | D:4      | Identified a +2 short sword of venom
  4560 | D:4      | Identified a +0 falchion
  4560 | D:4      | Identified a +0 leather armour
  4604 | D:4      | Identified a +0 long sword
  4622 | D:4      | Reached skill level 4 in Ice Magic
  4622 | D:4      | Reached XP level 6. HP: 36/36 MP: 1/9
  4746 | D:3      | Killed a water moccasin
  4791 | D:3      | Identified a +0 short sword
  4931 | D:4      | Identified a scarf of repulsion
  5060 | D:4      | Identified a +0 spear
  5071 | D:4      | Identified a +0 hand axe
  5071 | D:4      | Identified a +0 scale mail
  5072 | D:4      | Identified a +0 whip of venom
  5072 | D:4      | Identified a +0 ring mail
  5072 | D:4      | Identified a +0 dagger
  5072 | D:4      | Identified a +0 robe
  5081 | D:4      | Reached skill level 7 in Poison Magic
  5317 | D:4      | Identified a +0 falchion
  5524 | D:4      | Killed Menkaure
  5525 | D:4      | Reached skill level 3 in Spellcasting
  5525 | D:4      | Reached XP level 7. HP: 41/41 MP: 9/12
  5586 | D:5      | Entered Level 5 of the Dungeon
  5811 | D:5      | Identified a +0 robe
  5830 | D:5      | Identified a +0 club
  5830 | D:5      | Identified a +0 chain mail
  5832 | D:5      | Identified a +0 dagger
  5832 | D:5      | Identified a +0 robe
  5894 | D:5      | Identified a +0 whip
  5894 | D:5      | Identified a +0 leather armour
  5894 | D:5      | Identified a +0 halberd
  5894 | D:5      | Identified a +0 halberd
  5904 | D:5      | Reached skill level 4 in Spellcasting
  5915 | D:5      | Identified a +0 dagger of venom
  5915 | D:5      | Identified a ring of protection from cold
  5916 | D:5      | Reached skill level 1 in Evocations
  5930 | D:5      | Identified a +1 whip of venom
  5930 | D:5      | Identified a +0 scale mail
  5954 | D:5      | Identified a +0 flail
  5954 | D:5      | Identified a +0 ring mail
  5997 | D:5      | Identified a +0 flail
  6004 | D:5      | Reached skill level 2 in Evocations
  6077 | D:5      | Reached skill level 3 in Evocations
  6123 | D:5      | Identified a +0 halberd
  6248 | D:5      | Identified a +0 club
  6291 | D:5      | Identified a +0 leather armour
  6315 | D:5      | Identified a +0 trident
  6322 | D:5      | Learned a level 4 spell: Olgreb's Toxic Radiance
  6322 | D:5      | Found a staircase to the Ecumenical Temple.
  6325 | D:5      | Identified a +0 whip
  6325 | D:5      | Identified a +0 club
  6325 | D:5      | Identified a +0 leather armour
  6326 | D:5      | Identified a +0 dagger
  6326 | D:5      | Identified a +0 club
  6351 | Temple   | Entered the Ecumenical Temple
  6394 | Temple   | Became a worshipper of Vehumet
  6458 | D:5      | Reached skill level 4 in Evocations
  6458 | D:5      | Reached XP level 8. HP: 46/46 MP: 6/14
  6527 | D:5      | Found a shimmering blue altar of Sif Muna.
  6706 | D:6      | Identified a +0 rapier
  6706 | D:6      | Identified a +0 leather armour
  6706 | D:6      | Noticed Eustachio
  6706 | D:6      | Identified a +0 hand axe
  6706 | D:6      | Identified a +0 plate armour
  6706 | D:6      | Identified a +0 short sword
  6708 | D:6      | Identified a +0 hand axe
  6708 | D:6      | Identified a +0 leather armour
  6710 | D:6      | Reached skill level 1 in Air Magic
  6711 | D:6      | Reached skill level 2 in Air Magic
  6718 | D:6      | Killed Eustachio
  6719 | D:6      | Reached skill level 3 in Air Magic
  6719 | D:6      | Identified a +0 club
  6719 | D:6      | Identified a +0 ring mail
  6725 | D:6      | Identified a +0 hand axe
  6726 | D:6      | Identified a +0 short sword
  6726 | D:6      | Identified a +0 leather armour
  6727 | D:6      | Identified a +0 flail
  6975 | D:6      | Identified a +0 mace
  6975 | D:6      | Identified a +0 chain mail
  6983 | D:6      | Reached skill level 4 in Air Magic
  7013 | D:6      | Identified 3 scrolls of torment
  7014 | D:6      | Identified 3 scrolls of teleportation
  7020 | D:6      | Identified 3 scrolls of enchant armour
  7165 | D:6      | Learned a level 2 spell: Passwall
  7184 | D:6      | Reached skill level 2 in Conjurations
  7233 | D:6      | Identified an amulet of magic regeneration
  7235 | D:6      | Identified a +6 plate armour of ponderousness
  7319 | D:6      | Identified a +0 pair of gloves of hurling
  7378 | D:6      | Identified a +0 club
  7378 | D:6      | Identified a +0 robe
  7378 | D:6      | Identified a +0 spear
  7378 | D:6      | Identified a +0 club
  7378 | D:6      | Identified a +0 flail
  7378 | D:6      | Identified a +0 spear
  7378 | D:6      | Identified a +0 club
  7385 | D:6      | Reached * piety under Vehumet
  7385 | D:6      | Offered knowledge of Shock by Vehumet.
  7513 | D:6      | Identified the +1 spear "Ynawasot" {vorpal, rCorr Str+2}
  7540 | D:6      | Reached skill level 8 in Poison Magic
  7628 | D:6      | Identified a +0 short sword
  7879 | D:6      | Found a snail-covered altar of Cheibriados.
  7889 | D:6      | Reached skill level 5 in Evocations
  7909 | D:6      | Identified a +0 dagger
  7921 | D:6      | Identified a +2 dire flail of draining
  7921 | D:6      | Identified a +0 leather armour
  7921 | D:6      | Noticed Edmund
  7946 | D:6      | Killed Edmund
  7947 | D:6      | Reached XP level 9. HP: 51/51 MP: 9/15
  8005 | D:6      | Identified a +0 scythe
  8005 | D:6      | Identified a +0 robe
  8005 | D:6      | Noticed Sigmund
  8012 | D:6      | Killed Sigmund
  8013 | D:6      | Reached skill level 6 in Evocations
  8079 | D:6      | Identified a +1 short sword of venom
  8079 | D:6      | Identified a +0 robe
  8079 | D:6      | Noticed Blork the orc
  8089 | D:6      | Killed Blork the orc
  8091 | D:6      | Identified 4 scrolls of identify
  8091 | D:6      | Identified 7 potions of curing
  8092 | D:6      | Identified 2 potions of cancellation
  8093 | D:6      | Identified 2 scrolls of immolation
  8249 | D:6      | Identified the +3 leather armour "Vif Jikk" {Int+4 Slay-5
                  | SInv}
  8273 | D:6      | Reached skill level 7 in Evocations
  8487 | D:6      | Identified a +0 shortbow
  8705 | D:7      | Identified a +0 hand axe
  8705 | D:7      | Identified a +0 plate armour
  8705 | D:7      | Identified a +0 flail
  8705 | D:7      | Identified a +0 falchion
  8705 | D:7      | Identified a +0 leather armour
  8706 | D:7      | Identified a +0 dagger
  8706 | D:7      | Identified a +0 ring mail
  8806 | D:7      | Found a white marble altar of Elyvilon.
  8806 | D:7      | Identified a +0 club
  8807 | D:7      | Identified a +0 hand axe
  8807 | D:7      | Identified a +0 leather armour
  8807 | D:7      | Identified a +0 hand axe
  8807 | D:7      | Identified a +0 chain mail
  8817 | D:7      | Reached skill level 8 in Evocations
  8892 | D:7      | Identified a +0 flail
  8892 | D:7      | Identified a +0 short sword
  8893 | D:7      | Identified a +0 dagger
  8893 | D:7      | Identified a +0 robe
  9075 | D:7      | Identified a +0 dagger
  9075 | D:7      | Identified a +0 robe
  9077 | D:7      | Identified a +0 hand axe
  9078 | D:7      | Identified a +0 flail
  9078 | D:7      | Identified a +0 leather armour
  9079 | D:7      | Identified a +0 short sword
  9081 | D:7      | Identified a +0 dagger
  9081 | D:7      | Identified a +0 robe
  9082 | D:7      | Reached skill level 3 in Conjurations
  9083 | D:7      | Identified a +0 hand axe
  9083 | D:7      | Identified a +0 leather armour
  9085 | D:7      | Identified a +0 falchion
  9085 | D:7      | Identified a +0 ring mail
  9087 | D:7      | Reached ** piety under Vehumet
  9087 | D:7      | Offered knowledge of Static Discharge by Vehumet.
  9319 | D:7      | Identified a +0 spear
  9319 | D:7      | Identified a +0 club
  9319 | D:7      | Identified a +0 leather armour
  9320 | D:7      | Identified a +3 hand axe
  9320 | D:7      | Identified a +0 dire flail
  9320 | D:7      | Identified a +0 plate armour
  9320 | D:7      | Identified a +0 spear
  9320 | D:7      | Identified a +0 club
  9322 | D:7      | Identified a +0 spear
  9322 | D:7      | Identified a +0 scale mail
  9328 | D:7      | Reached skill level 4 in Conjurations
  9440 | D:7      | Identified a +0 hand axe
  9467 | D:7      | Identified a +0 giant spiked club
  9584 | D:7      | Reached skill level 5 in Conjurations
  9675 | D:7      | Identified a +0 club
  9764 | D:7      | HP: 8/51 [phantom (8)]
  9769 | D:7      | HP: 11/51 [phantom (4)]
 10020 | D:7      | Identified a +0 war axe
 10066 | D:7      | Found an iron altar of Okawaru.
 10128 | D:7      | Identified a +0 hunting sling
 10177 | D:7      | Identified a +0 kite shield
 10249 | D:8      | Found a staircase to the Lair.
 10254 | D:8      | Identified a +2 robe of cold resistance
 10256 | D:8      | Identified a +3 flail
 10256 | D:8      | Identified a +0 robe
 10269 | D:8      | Identified a +5 falchion
 10269 | D:8      | Identified a +0 robe
 10291 | D:8      | Identified a +0 halberd
 10291 | D:8      | Identified a +0 robe
 10291 | D:8      | Identified a +0 flail
 10291 | D:8      | Identified a +0 robe
 10370 | D:8      | Reached skill level 6 in Conjurations
 10566 | D:8      | Reached XP level 10. HP: 56/56 MP: 11/16
 10702 | D:8      | Reached skill level 7 in Conjurations
 10716 | D:8      | Identified a +0 morningstar
 10716 | D:8      | Identified a +0 leather armour
 10716 | D:8      | Identified a +0 flail
 10716 | D:8      | Identified a +0 leather armour
 10719 | D:8      | Identified a +0 dagger
 10719 | D:8      | Identified a +0 robe
 11032 | D:8      | Noticed a cyclops
 11054 | D:8      | Killed a cyclops
 11125 | D:8      | Identified a +0 short sword
 11125 | D:8      | Identified a +0 leather armour
 11125 | D:8      | Identified a +0 hand axe
 11125 | D:8      | Identified a +0 ring mail
 11125 | D:8      | Identified a +1 dagger of freezing
 11125 | D:8      | Identified a +0 halberd
 11125 | D:8      | Identified a +0 chain mail
 11125 | D:8      | Identified a +0 flail
 11125 | D:8      | Identified a +0 leather armour
 11129 | D:8      | Reached skill level 8 in Conjurations
 11226 | D:8      | Identified a +0 whip
 11226 | D:8      | Identified a +0 dagger
 11226 | D:8      | Identified a +0 robe
 11227 | D:8      | Identified a +0 flail
 11227 | D:8      | Identified a +0 chain mail
 11228 | D:8      | Identified a +0 whip
 11350 | D:8      | Found a glowing golden altar of the Shining One.
 11407 | D:8      | Identified a +2 buckler
 11619 | D:8      | Identified a +0 war axe
 11619 | D:8      | Identified a +0 scale mail
 11745 | D:9      | Found a hazy altar of Hepliaklqana.
 11748 | D:9      | Offered knowledge of Conjure Flame by Vehumet.
 11781 | D:9      | Found a shadowy altar of Dithmenos.
 11810 | D:9      | Identified a +0 whip
 11812 | D:9      | Identified a +0 dagger
 11812 | D:9      | Identified a +0 robe
 11812 | D:9      | Identified a +0 dagger
 11812 | D:9      | Identified a +0 robe
 11812 | D:9      | Identified a +0 mace
 11812 | D:9      | Identified a +0 ring mail
 11812 | D:9      | Identified a +0 falchion
 11812 | D:9      | Identified a +0 whip
 11812 | D:9      | Identified a +0 leather armour
 11929 | D:9      | Identified a +0 hand axe
 11964 | D:9      | Found a staircase to the Orcish Mines.
 11964 | D:9      | Identified a +0 hand axe
 11964 | D:9      | Identified a +0 chain mail
 11964 | D:9      | Identified a +3 flail
 11964 | D:9      | Identified a +0 leather armour
 11964 | D:9      | Identified a +0 mace
 11964 | D:9      | Identified a +0 ring mail
 11986 | D:9      | Reached skill level 5 in Spellcasting
 12023 | D:9      | Identified a +0 trident
 12023 | D:9      | Identified a +0 chain mail
 12082 | D:9      | Identified a +0 dagger
 12082 | D:9      | Identified a +0 leather armour
 12088 | D:9      | Identified a +0 ring mail
 12090 | D:9      | Identified a +0 dagger
 12090 | D:9      | Identified a +0 robe
 12091 | D:9      | Identified a +0 mace
 12091 | D:9      | Identified a +0 leather armour
 12194 | D:9      | Reached *** piety under Vehumet
 12251 | D:9      | Identified a +4 flail
 12251 | D:9      | Identified a +0 chain mail
 12251 | D:9      | Identified a +0 hand axe
 12251 | D:9      | Identified a +0 short sword
 12251 | D:9      | Identified a +0 ring mail
 12251 | D:9      | Identified a +0 flail
 12251 | D:9      | Identified a +0 ring mail
 12251 | D:9      | Identified a +0 hand axe
 12257 | D:9      | Reached skill level 6 in Spellcasting
 12328 | D:9      | Identified a ring of positive energy
 12349 | D:9      | Identified 5 scrolls of amnesia
 12392 | D:9      | Found a bloodstained altar of Trog.
 12401 | D:9      | Identified a +0 dagger
 12402 | D:9      | Identified a +0 dagger
 12402 | D:9      | Identified a +0 mace
 12405 | D:9      | Identified a +0 trident
 12405 | D:9      | Identified a +0 plate armour
 12410 | D:9      | Reached skill level 1 in Earth Magic
 12524 | D:9      | Reached skill level 2 in Earth Magic
 12702 | D:10     | Entered Level 10 of the Dungeon
 12702 | D:10     | Identified a +0 giant club
 12702 | D:10     | Identified a +0 giant spiked club
 12702 | D:10     | Noticed a two-headed ogre
 12740 | D:10     | Killed a two-headed ogre
 12741 | D:10     | Reached skill level 4 in Earth Magic
 12746 | D:10     | Identified a ring of see invisible
 12753 | D:10     | Learned a level 4 spell: Dispel Undead
 12813 | D:10     | Identified 2 scrolls of fog
 12814 | D:10     | Identified 3 scrolls of fear
 12894 | D:10     | Reached skill level 1 in Necromancy
 12908 | D:10     | Offered knowledge of Dazzling Flash by Vehumet.
 12922 | D:10     | Reached skill level 2 in Necromancy
 13049 | D:10     | Reached XP level 11. HP: 61/61 MP: 20/20
 13065 | D:10     | Reached skill level 3 in Necromancy
 13073 | D:10     | Reached skill level 4 in Necromancy
 13375 | D:10     | Reached skill level 5 in Necromancy
 13497 | D:10     | Reached **** piety under Vehumet
 13508 | D:10     | Reached skill level 6 in Necromancy
 13625 | D:10     | HP: 15/61 [centaur warrior simulacrum (13)]
 13626 | D:10     | Slain by a centaur warrior simulacrum

Table legend: (Time is in decaauts)
 A = Elapsed time spent in this place.
 B = Non-inter-level travel time spent in this place.
 C = Inter-level travel time spent in this place.
 D = Time resting spent in this place.
 E = Time spent auto-exploring this place.
 F = Levels seen in this place.
 G = Mean time per level.
                   A        B        C        D        E       F      G
               +--------+--------+--------+--------+--------+-----+--------+
         Total |  13659 |  12922 |    737 |    439 |  10420 |  11 | 1241.7 |
       Dungeon |  13607 |  12877 |    730 |    439 |  10385 |  10 | 1360.7 |
        Temple |     51 |     44 |      7 |      0 |     35 |   1 |   51.0 |
               +--------+--------+--------+--------+--------+-----+--------+

Top non-repeatable levels by time:
     D:6: 1844 daAuts
     D:3: 1603 daAuts
     D:7: 1594 daAuts
     D:4: 1483 daAuts
     D:8: 1450 daAuts
     D:1: 1327 daAuts
     D:5: 1228 daAuts
     D:2: 1192 daAuts
     D:9: 993 daAuts
    D:10: 889 daAuts
  Temple: 51 daAuts

Table legend:
 A = Kills in this place as a percentage of kills in entire the game.
 B = Kills by you in this place as a percentage of kills by you in the entire game.
 C = Kills by friends in this place as a percentage of kills by friends in the entire game.
 D = Other kills in this place as a percentage of other kills in the entire game.
 E = Experience gained in this place as a percentage of experience gained in the entire game.
 F = Experience gained in this place divided by the number of levels of this place that you have seen.
                   A       B       C       D       E      F
               +-------+-------+-------+-------+-------+----------------------
         Total | 100.0 | 100.0 |   N/A |   N/A | 100.0 | 1091.5
       Dungeon | 100.0 | 100.0 |   N/A |   N/A | 100.0 | 1200.7
               +-------+-------+-------+-------+-------+----------------------

Skill      XL: |  1  2  3  4  5  6  7  8  9 10 11 |
---------------+----------------------------------+-----
Poison Magic   | 4 5 6 7 8 |  8.1
Ice Magic      | 2 4 |  4.0
Spellcasting   | 3 4 6 |  6.0
Evocations     | 4 5 8 |  8.2
Air Magic      | 4 |  4.0
Conjurations   | 2 6 8 |  8.3
Earth Magic    | 4 |  4.3
Necromancy     | 2 6 |  6.0
Dodging        | |  2.0
Stealth        | |  2.6
Transmutations | |  1.0

Action                   |  1- 3 |  4- 6 |  7- 9 | 10-12 || total
-------------------------+-------+-------+-------+-------++-------
Melee: Unarmed           |    11 |       |       |       ||    11
       Tentacles         |    13 |    18 |    15 |    14 ||    60
       Constrict         |    12 |    20 |    17 |     5 ||    54
       Punch             |     1 |     1 |       |     1 ||     3
       Quarterstaff      |     9 |       |       |       ||     9
       Staff             |    34 |    60 |    56 |    23 ||   173
       Spear             |       |       |    15 |    59 ||    74
 Cast: Sting             |    14 |     6 |     7 |     4 ||    31
       Poisonous Vapours |    12 |    28 |    55 |    37 ||   132
       Freeze            |       |     3 |    17 |     8 ||    28
       Mephitic Cloud    |       |     3 |     3 |     5 ||    11
       Olgreb's Toxic Ra |       |       |    19 |    23 ||    42
Evoke: Wand              |       |     4 |    25 |     7 ||    36
  Use: Scroll            |       |       |     6 |     4 ||    10
       Potion            |       |       |     3 |       ||     3
 Stab: Sleeping          |    10 |     5 |     1 |       ||    16
       Confused          |       |     3 |     2 |       ||     5
       Paralysed         |       |       |     5 |    41 ||    46
Armor: Skin              |     6 |     4 |       |     1 ||    11
Dodge: Dodged            |    29 |    30 |    37 |    23 ||   119

Vanquished Creatures
  A two-headed ogre (D:10)
  A cyclops (D:8)
  2 hornets (D:9)
  Sigmund (D:6)
  10 yaks
  Eustachio (D:6)
  A wyvern (D:10)
  A steam dragon (D:10)
  Edmund (D:6)
  Menkaure (D:4)
  A warg (D:9)
  4 water moccasins
  3 ice beasts
  A sky beast (D:6)
  A meliai simulacrum (D:10)
  A black bear (D:5)
  10 orc warriors
  An ogre (D:7)
  A necrophage (D:8)
  A centaur (D:6)
  A phantom (D:7)
  Blork the orc (D:6)
  3 bullfrogs
  A gnoll sergeant (D:7)
  2 scorpions
  8 killer bees
  4 wights (D:8)
  2 electric eels (D:10)
  3 howler monkeys (D:8)
  3 hounds
  12 orc priests
  2 jellies (D:6)
  2 gnoll shamans
  Terence (D:3)
  Ijyb (D:4)
  4 iguanas
  10 orc wizards
  2 centaur simulacra (D:10)
  A mummy (D:6)
  15 gnolls
  5 adders
  3 white imps
  2 ufetubi (D:5)
  4 worms
  2 dart slugs
  46 orcs
  8 endoplasms
  4 giant cockroaches
  6 goblins
  4 hobgoblins
  2 quokkas
  4 ball pythons
  4 bats
  3 frilled lizards
  5 kobolds
  7 rats
231 creatures vanquished.
